 Dungeon Crawl Stone Soup version 0.29.1-15-g9cfb28693d (webtiles) character file.

Game seed: 7547281824143252635

933 H0rd4k the Insei (level 8, -2/52 HPs)
             Began as an Octopode Artificer on Apr 5, 2023.
             Slain by a human
             ... wielding a +0 club
              (7 damage)
             ... on level 6 of the Dungeon.
             The game lasted 00:05:40 (6518 turns).

H0rd4k the Insei (Octopode Artificer)               Turns: 6518, Time: 00:05:40

Health: -2/52      AC:  1    Str: 11    XL:     8   Next: 11%
Magic:  0/13       EV: 13    Int: 15    God:
Gold:   376        SH:  0    Dex: 13    Spells: 11/13 levels left

rFire   . . .      SeeInvis +     - Unarmed
rCold   . . .      Faith    .   (no shield)
rNeg    . . .      Spirit   +   (helmet restricted)
rPois   +          Reflect  .   x - amulet of guardian spirit
rElec   .          Harm     .   h - ring of poison resistance
rCorr   .          Rampage  .   s - ring of see invisible
Will    .....                   (no ring)
Stlth   +++.......              (no ring)
HPRegen 0.17/turn               (no ring)
MPRegen 0.13/turn               (no ring)
                                (no ring)
                                (no ring)

@: no status effects
A: almost no armour, amphibious, 8 rings, camouflage 1, gelatinous body 1,
(nimble swimmer 1), tentacles
a: no special abilities


You were on level 6 of the Dungeon.
You visited 1 branch of the dungeon, and saw 6 of its levels.

You collected 376 gold pieces.

Inventory:

Hand Weapons
 o - a +3 short sword
Missiles
 a - 6 poisoned darts
Magical Staves
 t - a staff of conjuration
Jewellery
 h - a ring of poison resistance (left tentacle)
 q - an amulet of the acrobat
 s - a ring of see invisible (right tentacle)
 x - an amulet of guardian spirit (around mantle)
 B - a ring of flight
Wands
 b - a wand of flame (3)
 c - a wand of charming (10)
 d - a wand of iceblast (2)
 y - a wand of digging (6)
Scrolls
 g - a scroll of enchant armour {unknown}
 j - 2 scrolls of magic mapping {unknown}
 k - 5 scrolls of teleportation {unknown}
 l - a scroll of blinking {unknown}
 m - 7 scrolls of identify {unknown}
 n - 2 scrolls of vulnerability {unknown}
 p - 2 scrolls of acquirement {unknown}
 u - a scroll of brand weapon {unknown}
 v - 2 scrolls of amnesia {unknown}
 D - a scroll of fear {unknown}
 E - a scroll of poison {unknown}
Potions
 e - 2 potions of ambrosia {unknown}
 f - 2 potions of lignification {unknown}
 i - a potion of heal wounds {unknown}
 r - 3 potions of curing {unknown}
 w - a potion of degeneration {unknown}
 z - a potion of attraction {unknown}
 A - a potion of brilliance {unknown}
 C - a potion of invisibility {unknown}


   Skills:
 + Level 3.5 Fighting
 - Level 2.3 Dodging
 - Level 1.3 Stealth
 + Level 6.2 Unarmed Combat
 * Level 3.4 Spellcasting
 * Level 3.8 Poison Magic
 - Level 3.2 Evocations


You had 11 spell levels left.
You knew the following spells:

 Your Spells              Type           Power      Damage    Failure   Level
a - Poisonous Vapours     Pois/Air       16%        N/A       13%         2

Your spell library contained the following spells:

 Spells                   Type           Power      Damage    Failure   Level
 Sting                    Tmut/Pois      32%        1d4       9%          1
 Spider Form              Tmut/Pois      8%         N/A       26%         3
 Blink                    Tloc           4%         N/A       28%         2
 Ensorcelled Hibernation  Hex/Ice        4%         N/A       28%         2
 Olgreb's Toxic Radiance  Pois           14%        N/A       36%         4
 Lesser Beckoning         Tloc           2%         N/A       50%         3
 Anguish                  Hex/Necr       1%         N/A       88%         4
 Manifold Assault         Tloc           2%         N/A       99%         5


Dungeon Overview and Level Annotations

Branches:
Dungeon (6/15)
 Temple: D:4-7

Altars:
Dithmenos
Fedhas
Nemelex Xobeh
Okawaru
Qazlal
Ru
Wu Jian
Zin
The Shining One

Annotations:
D:2 1 runed translucent door, exclusion: door, Crazy Yiuf
D:3 exclusion: downstairs
D:4 1 exclusion
D:5 2 transporters
D:6 Blork the orc


Innate Abilities, Weirdness & Mutations

You cannot wear most types of armour.
You are amphibious.
You can wear up to eight rings at the same time.
Your skin changes colour to match your surroundings (Stealth+).
Your rubbery body absorbs attacks. (AC +1, EV +1)
((You are camouflaged when in or above water. (Stealth+)))
You have tentacles for arms and can constrict up to eight enemies at once.


Message History

The human hits Blork the orc with a +0 club.
A jelly comes into view.
Blork the orc hits something with a +0 halberd!
Something hits Blork the orc.
The jelly quivers.
Blork the orc closely misses the human.
The human hits Blork the orc with a +0 club!
Poisonous vapours surround the human!
The human looks even sicker.
Blork the orc closely misses the human.
The human barely misses Blork the orc.
The human hits you with a +0 club.
You tentacle-slap the human but do no damage.
You grab the human.
The human is severely wounded.
You constrict the human, but do no damage.
Blork the orc barely misses the human.
The human hits Blork the orc with a +0 club.
The human hits you with a +0 club!
You tentacle-slap the human but do no damage.
You squeeze the human.
The human is almost dead.
You constrict the human. The human hits you with a +0 club.
* * * LOW HITPOINT WARNING * * *
Blork the orc hits the human with a +0 halberd!
The human barely misses Blork the orc.
Unknown command.
Aiming: Charm
Press: ? - help, Shift-Dir - straight line, f - jelly, p - human
Aim: a jelly (chance to affect: 66%)
The jelly struggles to resist.
You constrict the human, but do no damage.
Blork the orc barely misses the human.
The human hits Blork the orc with a +0 club.
The human hits you with a +0 club!
* * * LOW HITPOINT WARNING * * *
Aiming: Charm
Press: ? - help, Shift-Dir - straight line, f/p - jelly
Aim: a jelly (chance to affect: 66%)
The jelly is charmed.
You constrict the human. The human hits you with a +0 club!
You die...

#....).#.....#.......#......#.
#..##..#.....+p.######......#.
#..##..#.....#o.#.............
#......#.....#.##...........#.
#......#....................#.
#......#....................#.
#..#####..............#######.
#..##..#.....pp............##.
#......#.....@........#....##.
#......#.........#+####.......
#......#.....J...#...########.
#......#.........#...##....##.
#......#.........#...#......#.
#......#.........#...#......#.
#......#.........#...#......#.
#####..'.....#####...'......#.
#..##..#.....'.......##....##.


You could see 3 humans, the friendly Blork the orc (charmed) and a friendly
jelly (charmed).

Vanquished Creatures
  Menkaure (D:5)
  A water moccasin (D:6)
  2 ice beasts
  A centaur (D:6)
  An orc priest (D:4)
  3 hounds
  6 iguanas
  An orc wizard (D:6)
  13 adders
  An ufetubus (D:5)
  2 worms
  2 dart slugs
  9 orcs
  11 ball pythons
  9 endoplasms
  4 giant cockroaches
  6 goblins
  3 hobgoblins (D:1)
  3 jackals (D:2)
  9 kobolds
  2 quokkas
  3 frilled lizards
  7 rats
100 creatures vanquished.

Vanquished Creatures (others)
  A jelly (D:5)
1 creature vanquished.

Grand Total: 101 creatures vanquished

Notes
Turn   | Place    | Note
-------+----------+-------------------------------------------
     0 | D:1      | H0rd4k the Octopode Artificer began the quest for the Orb.
     0 | D:1      | Reached XP level 1. HP: 13/13 MP: 1/1
   181 | D:1      | You fall into a shaft and drop 1 floor!
   336 | D:2      | Reached skill level 1 in Spellcasting
   336 | D:2      | Reached XP level 2. HP: 17/18 MP: 3/3
   773 | D:2      | Reached XP level 3. HP: 16/24 MP: 3/5
  1199 | D:1      | Found a faded altar of an unknown god.
  1201 | D:1      | Reached skill level 1 in Unarmed Combat
  1901 | D:1      | Learned a level 2 spell: Poisonous Vapours
  2235 | D:2      | Reached XP level 4. HP: 29/29 MP: 6/6
  2443 | D:2      | Found a runed translucent door.
  2444 | D:2      | Noticed Crazy Yiuf
  2682 | D:3      | Reached skill level 1 in Poison Magic
  2694 | D:3      | Reached skill level 2 in Unarmed Combat
  2855 | D:3      | Reached XP level 5. HP: 30/35 MP: 8/8
  3126 | D:3      | Found a blossoming altar of Fedhas.
  3272 | D:4      | Noticed an ice beast
  3354 | D:4      | Found a glowing golden altar of the Shining One.
  3457 | D:4      | Killed an ice beast
  3458 | D:4      | Reached skill level 3 in Unarmed Combat
  3543 | D:4      | Reached XP level 6. HP: 38/41 MP: 9/9
  3816 | D:4      | Found a glowing silver altar of Zin.
  3817 | D:4      | Found a sparkling altar of Nemelex Xobeh.
  3817 | D:4      | Found a sacrificial altar of Ru.
  3818 | D:4      | Found an ornate altar of the Wu Jian Council.
  4283 | D:5      | Entered Level 5 of the Dungeon
  4353 | D:5      | Reached skill level 4 in Unarmed Combat
  4472 | D:5      | Found a transporter.
  4541 | D:5      | Found a stormy altar of Qazlal.
  4619 | D:5      | Found a transporter.
  4924 | D:5      | Reached XP level 7. HP: 22/45 MP: 7/11
  5155 | D:5      | Found an iron altar of Okawaru.
  5158 | D:5      | Noticed Menkaure
  5168 | D:5      | Killed Menkaure
  5169 | D:5      | Reached skill level 5 in Unarmed Combat
  5525 | D:5      | Found a shadowy altar of Dithmenos.
  5804 | D:6      | Reached XP level 8. HP: 31/52 MP: 10/13
  6037 | D:6      | Reached skill level 6 in Unarmed Combat
  6498 | D:6      | Noticed Blork the orc
  6518 | D:6      | Slain by a human

Illustrated notes

Levels and vault maps discovered:
D:1:      lordsloth_arrival_two_stooges, layout_basic,
          nicolae_ecumenical_snake_handling, minmay_statues_item
D:2:      layout_loops_ring, minmay_hedge_maze, uniq_crazy_yiuf_cottage
D:3:      layout_rooms, fedhas_altar_1
D:4:      layout_cave_pools, mainiacjoe_overflow_brackets,
          chequers_temple_overflow_statue_of_worship, serial_co_window_serial,
          co_window_paths_b, co_window_of_opportunity_a, co_window_paths_a,
          co_window_corner_a, co_window_of_opportunity_a,
          co_window_unsneaky_path_c, co_window_corner_cb, co_window_broadway_a,
          co_window_corner_cb, co_window_cross_2, co_window_4corner_b,
          glass_columns_a, glass_columns_b, glass_columns_c, glass_columns_b,
          minmay_rat_hole
D:5:      gammafunk_wand_slinger, layout_cave_pools,
          nicolae_qazlal_eye_of_the_storm, amcnicky_altar_gilded,
          okawaru_gym_becter, uniq_menkaure
D:6:      layout_gridville, minmay_parallelograms, minmay_ruffians,
          uniq_prince_ribbit1, uniq_blork_the_orc

Skill      XL: |  1  2  3  4  5  6  7  8 |
---------------+-------------------------+-----
Spellcasting   | 1 2 3 |  3.4
Fighting       | 2 3 |  3.5
Unarmed Combat | 1 2 3 4 5 6 |  6.2
Poison Magic   | 1 2 3 |  3.8
Dodging        | |  2.3
Stealth        | |  1.3
Evocations     | |  3.2

Action                   |  1- 3 |  4- 6 |  7- 9 || total
-------------------------+-------+-------+-------++-------
Melee: Unarmed           |   103 |   110 |    47 ||   260
       Constrict         |    28 |    25 |    11 ||    64
       Tentacles         |    22 |    32 |    11 ||    65
       Punch             |     3 |     2 |     2 ||     7
 Cast: Poisonous Vapours |       |       |    12 ||    12
Evoke: Wand              |       |    10 |    10 ||    20
 Stab: Sleeping          |    15 |     7 |     2 ||    24
Armor: Skin              |     9 |     6 |     5 ||    20
Dodge: Dodged            |    48 |    83 |    36 ||   167
